 Dungeon Crawl Stone Soup version 0.19.1 (webtiles) character file.

44 omegacute the Vexing (level 3, 0/24 HPs)
             Began as a Vampire Enchanter on Dec 1, 2016.
             Slain by an adder (2 damage)
             ... on level 2 of the Dungeon.
             The game lasted 00:06:24 (1721 turns).

omegacute the Vexing (Vampire Enchanter)            Turns: 1721, Time: 00:06:25

Health: 0/24       AC:  3    Str:  8    XL:     3   Next: 41%
Magic:  6/6        EV: 12    Int: 17    God:
Gold:   29         SH:  0    Dex: 14    Spells: 2 memorised, 2 levels left

rFire  . . .     SeeInvis +     a - +1 dagger
rCold  + . .     Gourm    .     b - +1 robe
rNeg   + + .     Faith    .     (no shield)
rPois  +         Spirit   .     (no helmet)
rElec  .         Reflect  .     (no cloak)
rCorr  .         Harm     .     (no gloves)
MR     .....                    (no boots)
Stlth  ++++......               (no amulet)
                                (no ring)
                                (no ring)

@: lethally poisoned (0 -> -8), regenerating slowly
A: fangs 3, see invisible, unbreathing
a: Bat Form


You were on level 2 of the Dungeon.
You were near bloodless.

You visited 1 branch of the dungeon, and saw 2 of its levels.

You collected 29 gold pieces.

Inventory:

Hand Weapons
 a - a +1 dagger (weapon)
Armour
 b - a +1 robe (worn)
Scrolls
 h - 2 scrolls of remove curse {unknown}
 k - a scroll of enchant armour {unknown}
 l - 3 scrolls of identify {unknown}
 n - a scroll of magic mapping {unknown}
 o - a scroll of recharging {unknown}
Potions
 d - 12 potions of blood
 e - a potion of brilliance {unknown}
 f - 2 potions of beneficial mutation {unknown}
 g - a potion of ambrosia {unknown}
 i - a potion of heal wounds {unknown}
 j - a potion of flight {unknown}
 m - a potion of berserk rage {unknown}
 p - 2 potions of curing {unknown}
Books
 c - a book of Maledictions

   Spells                             Type                      Level
   a - Corona                         Hexes                        1
   b - Ensorcelled Hibernation        Hexes/Ice                    2
   c - Confuse                        Hexes                        3
   d - Tukima's Dance                 Hexes                        3
   e - Dazzling Spray                 Conjuration/Hexes            3


   Skills:
 + Level 2.1 Short Blades
 - Level 2.1 Dodging
 - Level 4.4 Stealth
 - Level 2.0 Spellcasting
 + Level 6.0 Hexes


You had 2 spell levels left.
You knew the following spells:

 Your Spells              Type           Power        Failure   Level  Hunger
a - Corona                Hex            ###....      1%          1    #......
b - Confuse               Hex            ###.....     6%          3    ###....


Dungeon Overview and Level Annotations

Branches:
Dungeon (2/15)

Altars:


Innate Abilities, Weirdness & Mutations

You heal slowly.
You have razor-sharp teeth.
You have supernaturally acute eyesight. (SInv)
You can survive without breathing.


Message History

The adder closely misses you.
You miss the adder. Your bite misses the adder.
The adder is heavily wounded.
The adder barely misses you.
You hit the adder but do no damage.
The adder is heavily wounded.
* * * LOW HITPOINT WARNING * * *
You feel sick. The adder bites you.
* * * LOW HITPOINT WARNING * * *
You take 3 damage, and have 2/24 hp.
You hit the adder.
The adder is severely wounded.
The adder misses you.
You barely miss the adder.
The adder is severely wounded.
The adder closely misses you. x2
You hit the adder.
The adder is almost dead.
The adder bites you.
You die...

########### ......((..##
########...##
#####.#.#.######
#.......(......#
###.###.#.#.####.# ....#
##...## #.# . ###### ##.##
#@# h..
..)..####.######S####...h.
#.......#.#.....r.........
#.#####.#.#.###..####.....
#.# #.# #..# ... ..# #..#
. #.# #..# #.# #... #..
#.##


You could see an adder and a rat.

Vanquished Creatures
  An adder (D:2)
  An ooze (D:1)
  A leopard gecko (D:1)
  2 giant cockroaches (D:1)
  2 goblins
  4 hobgoblins
  5 jackals
  4 frilled lizards
  4 kobolds
  6 rats
30 creatures vanquished.

Notes
Turn   | Place    | Note
-------+----------+-------------------------------------------
     0 | D:1      | omegacute the Vampire Enchanter began the quest for the Orb.
     0 | D:1      | Reached XP level 1. HP: 13/13 MP: 3/3
   107 | D:1      | Reached skill level 5 in Hexes
   107 | D:1      | Reached XP level 2. HP: 19/19 MP: 5/5
  1253 | D:1      | Reached XP level 3. HP: 13/24 MP: 6/6
  1584 | D:2      | Learned a level 3 spell: Confuse
  1699 | D:2      | Reached skill level 6 in Hexes
  1721 | D:2      | Slain by an adder

Skill      XL: |  1  2  3 |
---------------+----------+-----
Hexes          | 5 6 |  6.0
Short Blades   | 2 |  2.1
Dodging        | |  2.1
Stealth        | |  4.4
Spellcasting   | |  2.0

Action                   || total
-------------------------++-------
Melee: Dagger            ||   142
       Bite              ||     6
 Cast: Confuse           ||     1
 Stab: Sleeping          ||     7
Armor: Robe              ||    26
Dodge: Dodged            ||    78
